 Dungeon Crawl Stone Soup version 0.31-a0-234-gad7ace16ef (webtiles) character file.

Game seed: 881122142668071650

166 qw the Shooter (level 5, -2/30 HPs)
             Began as a Gargoyle Hexslinger on July 9, 2023.
             Slain by a hobgoblin
             ... wielding a +0 trident
              (7 damage)
             ... on level 3 of the Dungeon.
             The game lasted 00:01:03 (1732 turns).

qw the Shooter (Gargoyle Hexslinger)                Turns: 1732, Time: 00:01:04

Health: -2/30      AC:  9    Str: 11    XL:     5   Next: 47%
Magic:  6/6        EV: 10    Int: 14    God:
Gold:   95         SH:  0    Dex: 14    Spells: 5/6 levels left

rFire   . . .        Y - +2 sling
rCold   . . .        (no shield)
rNeg    + + .        d - +0 ring mail
rPois   inf          (no helmet)
rElec   +            (no cloak)
rCorr   .            (no gloves)
SInv    .            (no boots)
Will    .....        (no amulet)
Stlth   +            b - ring of positive energy
HPRegen 0.25/turn    (no ring)
MPRegen 0.10/turn

%: no passive effects
@: no status effects
A: sickness immunity, AC +4, negative energy resistance 1, electricity
resistance, torment resistance 1, petrification resistance
a: no special abilities


You were on level 3 of the Dungeon.
You visited 1 branch of the dungeon, and saw 3 of its levels.

You collected 95 gold pieces.


Innate Abilities, Weirdness & Mutations

You are immune to sickness and miasma.
Your stone body is resilient. (AC +4)
You are immune to poison.
You resist negative energy. (rN+)
You are resistant to electric shocks. (rElec)
You are resistant to unholy torment.
You are immune to petrification.


   Skills:
 + Level 2.2 Fighting
 - Level 5.0 Ranged Weapons
 - Level 1.0 Armour
 - Level 1.5 Dodging
 - Level 1.0 Spellcasting
 - Level 2.6 Hexes


You had 5 spell levels left.
You knew the following spells:

 Your Spells              Type           Power      Damage    Failure   Level
a - Slow                  Hex            32%        N/A       21%         1

Your spell library contained the following spells:

 Spells                   Type           Power      Damage    Failure   Level
 Inner Flame              Hex/Fire       4%         N/A       71%         3
 Portal Projectile        Hex/Tloc       8%         N/A       71%         3
 Cause Fear               Hex            4%         N/A       90%         4

Inventory:

Hand Weapons
 Y - a +2 sling (weapon)
Armour
 d - a +0 ring mail (worn)
Jewellery
 b - a ring of positive energy (left hand)
 i - a ring of protection from fire
Scrolls
 a - a scroll of noise {unknown}
 f - a scroll of fog {unknown}
Potions
 c - a potion of lignification {unknown}
 e - 2 potions of heal wounds {unknown}
 g - a potion of enlightenment {unknown}
 h - a potion of experience {unknown}
 j - a potion of invisibility {unknown}
 k - 2 potions of ambrosia {unknown}

Dungeon Overview and Level Annotations

Branches:
Dungeon (3/15)

Altars:
Ru
The Shining One

Annotations:
D:3 Ijyb


Message History

The goblin misses you. Ijyb hits you with a +0 club.
You shoot a sling bullet. The sling bullet misses Ijyb.
The goblin hits you but does no damage.
Ijyb zaps a wand.
The puff of flame hits you!
You shoot a sling bullet. The sling bullet closely misses Ijyb.
The goblin closely misses you. Ijyb hits you but does no damage.
The goblin barely misses you.
Ijyb zaps a wand.
The puff of flame misses you.
You shoot a sling bullet. The sling bullet closely misses Ijyb.
The goblin closely misses you. Ijyb hits you but does no damage.
You shoot a sling bullet. The sling bullet closely misses Ijyb.
The sling bullet barely misses the hobgoblin.
The goblin closely misses you. The hobgoblin closely misses you.
You shoot a sling bullet. The sling bullet closely misses Ijyb.
The goblin barely misses you. The hobgoblin misses you.
The goblin hits you but does no damage.
You shoot a sling bullet. The sling bullet misses Ijyb.
The goblin hits you but does no damage. Ijyb hits you with a +0 club.
The hobgoblin completely misses you. The goblin hits you but does no damage.
Ijyb zaps a wand.
The puff of flame hits you but does no damage.
The goblin hits you but does no damage.
The hobgoblin hits you from afar with a +0 trident.
You shoot a sling bullet. The sling bullet closely misses Ijyb.
The goblin barely misses you. Ijyb hits you with a +0 club.
The hobgoblin completely misses you. The goblin hits you but does no damage.
You shoot a sling bullet. The sling bullet barely misses Ijyb.
The goblin closely misses you. The hobgoblin barely misses you.
Ijyb hits you but does no damage.
You shoot a sling bullet. The sling bullet misses Ijyb.
The goblin hits you but does no damage. Ijyb hits you but does no damage.
The hobgoblin barely misses you. The goblin closely misses you.
You shoot a sling bullet.
The sling bullet hits Ijyb but does no damage.
The goblin hits you but does no damage.
Ijyb zaps a wand.
The puff of flame hits you.
The hobgoblin hits you from afar with a +0 trident.
The goblin hits you but does no damage. Ijyb hits you but does no damage.
The goblin hits you but does no damage.
The hobgoblin hits you from afar with a +0 trident!
You die...

#.# #.# #.# #.# #.# #.#
##### #.###### #.# ....#
#.#....# #.# ....#
#.#....# #.# ....#
#.#....# #.##
....###.#....####..#####
................@g......#
....###.#######.gg......#
....# #.# #.#8g....8#
#...# #.# #.#.......#
##### #.# #.#8.....8# #.#
#.#.....).# #.#
#.#8.....8# #.#######.
....... #........


You could see Ijyb, a hobgoblin and 2 goblins.

Vanquished Creatures
  An orc wizard (D:3)
  3 gnolls (D:3)
  An adder (D:2)
  3 worms
  2 dart slugs
  2 orcs (D:3)
  5 ball pythons
  5 endoplasms
  2 giant cockroaches (D:3)
  13 goblins
  5 hobgoblins
  8 jackals (D:1)
  7 kobolds
  6 quokkas
  5 bats
  2 frilled lizards (D:3)
  11 rats
81 creatures vanquished.

Notes
Turn   | Place    | Note
-------+----------+-------------------------------------------
     0 | D:1      | qw the Gargoyle Hexslinger began the quest for the Orb.
     0 | D:1      | Reached XP level 1. HP: 12/12 MP: 2/2
     0 | D:1      | 0 ||| qw: Version: 0.3-a-51-g015441d
     0 | D:1      | 0 ||| qw: Game counter: 4088
     0 | D:1      | 0 ||| qw: Melee chars always use a shield: true
     0 | D:1      | 0 ||| qw: God list: Okawaru
     0 | D:1      | 0 ||| qw: Allow faded altars: false
     0 | D:1      | 0 ||| qw: Do Orc after clearing Dungeon:15 true
     0 | D:1      | 0 ||| qw: Do second Lair branch before Depths: true
     0 | D:1      | 0 ||| qw: Lair rune preference: random
     0 | D:1      | 0 ||| qw: Goals: Normal
     0 | D:1      | 0 ||| PLANNING D:1-11
   162 | D:1      | Reached XP level 2. HP: 16/16 MP: 3/3
   305 | D:1      | Reached skill level 3 in Ranged Weapons
   380 | D:1      | Found a faded altar of an unknown god.
   482 | D:1      | Reached XP level 3. HP: 21/21 MP: 4/4
   794 | D:1      | 794 ||| UPGRADING to +0 ring mail.
   804 | D:1      | 804 ||| DROPPING +0 robe.
   805 | D:1      | 805 ||| DROPPING ring of wizardry.
   806 | D:1      | 806 ||| READING scroll labelled GIEV VAMYCAIKEE.
   810 | D:1      | 810 ||| DROPPING scroll of poison.
   953 | D:2      | Reached skill level 4 in Ranged Weapons
   953 | D:2      | Reached XP level 4. HP: 25/26 MP: 5/5
   967 | D:2      | Found a glowing golden altar of the Shining One.
  1110 | D:2      | Reached skill level 1 in Armour
  1332 | D:2      | 1332 ||| UPGRADING to ring of positive energy.
  1333 | D:2      | 1333 ||| READING scroll labelled BESUNO FYTE.
  1334 | D:2      | 1334 ||| READING scroll labelled VYPOGU VALOE.
  1335 | D:2      | 1335 ||| READING scroll labelled EROOLUEL GOCAN.
  1439 | D:3      | Found a sacrificial altar of Ru.
  1470 | D:3      | 1470 ||| FLEEEEING.
  1480 | D:3      | Reached XP level 5. HP: 26/30 MP: 6/6
  1511 | D:3      | Reached skill level 5 in Ranged Weapons
  1654 | D:3      | 1654 ||| FLEEEEING.
  1716 | D:3      | Noticed Ijyb
  1718 | D:3      | 1718 ||| FLEEEEING.
  1732 | D:3      | HP: 5/30 [hobgoblin/+0 trident (4)]
  1732 | D:3      | Slain by a hobgoblin

Levels and vault maps discovered:
D:1:      amcnicky_arrival_flooded_fountain, layout_basic,
          shapermc_ecumenical_altar_gd
D:2:      cheibrodos_old_hovel, layout_rooms, basic_altar
D:3:      kennysheep_the_goblin_king, layout_basic,
          mainiacjoe_overflow_boulevard

Skill      XL: |  1  2  3  4  5 |
---------------+----------------+-----
Ranged Weapons | 3 4 5 |  5.0
Fighting       | 2 |  2.2
Armour         | 1 |  1.0
Dodging        | |  1.5
Spellcasting   | |  1.0
Hexes          | |  2.6

Action                     |  1- 3 |  4- 6 || total
---------------------------+-------+-------++-------
   Fire: Sling             |   132 |   140 ||   272
    Use: Scroll            |     1 |     3 ||     4
 Armour: Robe              |    13 |       ||    13
         Ring mail         |    11 |    48 ||    59
  Dodge: Dodged            |    53 |    55 ||   108

Table legend:
 A = Non-vault XP
 B = Vault XP
 C = Vault XP percentage of total XP
 D = Non-vault monster count
 E = Vault monster count
 F = Vault count percentage of total count
                 A         B        C        D         E       F
            +---------+---------+-------+---------+---------+-------
      Total |     225 |      13 |   5.5 |      76 |       5 |   6.2
            +---------+---------+-------+---------+---------+-------
        D:1 |      56 |       0 |   0.0 |      31 |       0 |   0.0
        D:2 |      60 |       5 |   7.7 |      27 |       1 |   3.6
        D:3 |     109 |       8 |   6.8 |      18 |       4 |  18.2
            +---------+---------+-------+---------+---------+-------
